| TOP OF THE 1ST |
|
Altoona Curve batting - Pitching for Pensacola Blue Wahoos : RHP Narciso Umbelino
|
|
Pitching: RHP Narciso Umbelino
|
|
|
Batting: RHB Hidesuke Yoshida
|
0-0: Ball 1-0: Ball 2-0: Foul Ball, location: 2F 2-1: Ball 3-1: Base on Balls
|
|
Batting: LHB Josh Aerni
|
0-0: Ball 1-0: Ball 2-0: Ball 3-0: Called Strike 3-1: Base on Balls Hidesuke Yoshida to second
|
|
Batting: RHB Brandon White
|
0-0: Called Strike 0-1: Grounds into double play, 1-6-3 (Groundball, 13S, EV 66.9 MPH) Hidesuke Yoshida to third
|
|
Batting: LHB Joe Wise
|
0-0: Foul Ball, location: 2F 0-1: Ground out U3 (Groundball, 3, EV 78.1 MPH)
|
| Top of the 1st over - 0 runs, 0 hits, 0 errors, 1 left on base; Altoona 0 - Pensacola 0 |
| BOTTOM OF THE 1ST |
|
Pensacola Blue Wahoos batting - Pitching for Altoona Curve : LHP Alfredo Carranza
|
|
Pitching: LHP Alfredo Carranza
|
|
|
Batting: RHB Solange Le Coq
|
0-0: Ball 1-0: Swinging Strike 1-1: Swinging Strike 1-2: Foul Ball, location: 2F 1-2: Foul Ball, location: 2F 1-2: Strikes out swinging
|
|
Batting: RHB Jose Nunez
|
0-0: Ground out 6-3 (Groundball, 6, EV 90.6 MPH)
|
|
Batting: LHB Jamie Spangenberg
|
0-0: SINGLE (Groundball, 34D, EV 105.0 MPH)
|
|
Batting: RHB Randy Grewe
|
0-0: Ball 1-0: Swinging Strike 1-1: Ball 2-1: Fly out, F6 (Flyball, 6D, EV 88.8 MPH)
|
| Bottom of the 1st over - 0 runs, 1 hit, 0 errors, 1 left on base; Altoona 0 - Pensacola 0 |
| TOP OF THE 2ND |
|
Altoona Curve batting - Pitching for Pensacola Blue Wahoos : RHP Narciso Umbelino
|
|
Batting: RHB Alex Arzate
|
0-0: Called Strike 0-1: Foul Ball, location: 2F 0-2: Ball 1-2: Ball 2-2: Foul Ball, location: 2F 2-2: Strikes out looking
|
|
Batting: LHB Carlos Vega
|
0-0: Foul Ball, location: 2F 0-1: Ball 1-1: Called Strike 1-2: Strikes out swinging
|
|
Batting: RHB Steve Terres
|
0-0: Called Strike 0-1: Ball 1-1: Foul Ball, location: 2F 1-2: Strikes out swinging
|
| Top of the 2nd over - 0 runs, 0 hits, 0 errors, 0 left on base; Altoona 0 - Pensacola 0 |
| BOTTOM OF THE 2ND |
|
Pensacola Blue Wahoos batting - Pitching for Altoona Curve : LHP Alfredo Carranza
|
|
Batting: RHB Dinand Brouwer
|
0-0: Ball 1-0: Swinging Strike 1-1: Called Strike 1-2: Ball 2-2: Strikes out looking
|
|
Batting: RHB Mark Williams
|
0-0: Ball 1-0: Ball 2-0: Foul Ball, location: 2F 2-1: Foul Ball, location: 2F 2-2: Strikes out swinging
|
|
Batting: RHB Bryan Wheeler
|
0-0: Fly out, F7 (Flyball, 78M, EV 96.9 MPH)
|
| Bottom of the 2nd over - 0 runs, 0 hits, 0 errors, 0 left on base; Altoona 0 - Pensacola 0 |
| TOP OF THE 3RD |
|
Altoona Curve batting - Pitching for Pensacola Blue Wahoos : RHP Narciso Umbelino
|
|
Batting: LHB Mike Handrahan
|
0-0: Swinging Strike 0-1: Called Strike 0-2: Foul Ball, location: 2F 0-2: Strikes out swinging
|
|
Batting: RHB Joe Young
|
0-0: Foul Ball, location: 2F 0-1: Called Strike 0-2: Foul Ball, location: 2F 0-2: Ball 1-2: Ball 2-2: Ball 3-2: Base on Balls
|
|
Batting: RHB Hidesuke Yoshida
|
0-0: Ball 1-0: Called Strike 1-1: Ball 2-1: Fielders Choice at 2nd, 5-4 (Groundball, 56, EV 87.5 MPH)
|
|
Batting: LHB Josh Aerni
|
0-0: Ball Hidesuke Yoshida steals 2nd, throwing error, E2 Hidesuke Yoshida to third 1-0: Swinging Strike 1-1: Fly out, F7 (Flyball, 78M, EV 89.4 MPH)
|
| Top of the 3rd over - 0 runs, 0 hits, 1 error, 1 left on base; Altoona 0 - Pensacola 0 |
| BOTTOM OF THE 3RD |
|
Pensacola Blue Wahoos batting - Pitching for Altoona Curve : LHP Alfredo Carranza
|
|
Batting: RHB David Stayton
|
0-0: Ball 1-0: DOUBLE (Line Drive, 89XD, EV 103.8 MPH)
|
|
Batting: RHB Ryan Short
|
0-0: Ground out 5-3 (Groundball, 56, EV 105.0 MPH)
|
|
Batting: RHB Solange Le Coq
|
0-0: 2-RUN HOME RUN (Flyball, 7D, EV 96.9 MPH), Distance : 371 ft
|
|
Batting: RHB Jose Nunez
|
0-0: Ball 1-0: Called Strike 1-1: Ground out 5-3 (Groundball, 56S, EV 90.0 MPH)
|
|
Batting: LHB Jamie Spangenberg
|
0-0: Ball 1-0: Called Strike 1-1: Foul Ball, location: 2F 1-2: Ball 2-2: Strikes out looking
|
| Bottom of the 3rd over - 2 runs, 2 hits, 0 errors, 0 left on base; Altoona 0 - Pensacola 2 |
| TOP OF THE 4TH |
|
Altoona Curve batting - Pitching for Pensacola Blue Wahoos : RHP Narciso Umbelino
|
|
Batting: RHB Brandon White
|
0-0: Called Strike 0-1: Foul Ball, location: 2F 0-2: Strikes out swinging
|
|
Batting: LHB Joe Wise
|
0-0: Ball 1-0: Ground out 6-3 (Groundball, 6, EV 86.9 MPH)
|
|
Batting: RHB Alex Arzate
|
0-0: Called Strike 0-1: Fly out, F7 (Flyball, 7LD, EV 99.4 MPH)
|
| Top of the 4th over - 0 runs, 0 hits, 0 errors, 0 left on base; Altoona 0 - Pensacola 2 |
| BOTTOM OF THE 4TH |
|
Pensacola Blue Wahoos batting - Pitching for Altoona Curve : LHP Alfredo Carranza
|
|
Batting: RHB Randy Grewe
|
0-0: Called Strike 0-1: Ball 1-1: Ball 2-1: Ball 3-1: Called Strike 3-2: Ground out 4-3 (Groundball, 4, EV 106.2 MPH)
|
|
Batting: RHB Dinand Brouwer
|
0-0: Ball 1-0: Foul Ball, location: 2F 1-1: Ball 2-1: Foul Ball, location: 2F 2-2: Ball 3-2: Foul Ball, location: 2F 3-2: Base on Balls
|
|
Batting: RHB Mark Williams
|
0-0: Called Strike 0-1: Ball 1-1: Grounds into double play, 6-4-3 (Groundball, 6, EV 86.9 MPH)
|
| Bottom of the 4th over - 0 runs, 0 hits, 0 errors, 0 left on base; Altoona 0 - Pensacola 2 |
| TOP OF THE 5TH |
|
Altoona Curve batting - Pitching for Pensacola Blue Wahoos : RHP Narciso Umbelino
|
|
Batting: LHB Carlos Vega
|
0-0: Ball 1-0: Ball 2-0: Called Strike 2-1: Foul Ball, location: 2F 2-2: Strikes out swinging
|
|
Batting: RHB Steve Terres
|
0-0: Ball 1-0: Foul Ball, location: 2F 1-1: Ball 2-1: Swinging Strike 2-2: Foul Ball, location: 2F 2-2: Foul Ball, location: 2F 2-2: Fly out, F8 (Line Drive, 8RD, EV 86.2 MPH)
|
|
Batting: LHB Mike Handrahan
|
0-0: Foul Ball, location: 2F 0-1: Ball 1-1: SINGLE (Groundball, 34D, EV 95.0 MPH)
|
|
Batting: RHB Joe Young
|
0-0: Ball 1-0: Ball 2-0: Ball 3-0: Called Strike 3-1: Ground out 4-3 (Groundball, 4, EV 110.0 MPH)
|
| Top of the 5th over - 0 runs, 1 hit, 0 errors, 1 left on base; Altoona 0 - Pensacola 2 |
| BOTTOM OF THE 5TH |
|
Pensacola Blue Wahoos batting - Pitching for Altoona Curve : LHP Alfredo Carranza
|
|
Batting: RHB Bryan Wheeler
|
0-0: Swinging Strike 0-1: Ball 1-1: Ball 2-1: SINGLE (Groundball, 34D, EV 97.5 MPH)
|
|
Batting: RHB David Stayton
|
0-0: Called Strike 0-1: Ball 1-1: Reached on error, E6 (Groundball, 6, EV 101.9 MPH) Bryan Wheeler to second
|
|
Batting: RHB Ryan Short
|
0-0: Foul Ball, location: 2F 0-1: Ball 1-1: Ball 2-1: Ball 3-1: Base on Balls Bryan Wheeler to third David Stayton to second
|
|
Batting: RHB Solange Le Coq
|
0-0: Fly out, F7 (Flyball, 78XD, EV 90.0 MPH) Runner from 3rd tags up, SCORES, no throw by LF
|
|
Batting: RHB Jose Nunez
|
0-0: Foul Ball, location: 2F 0-1: Ball 1-1: Swinging Strike 1-2: Strikes out swinging
|
|
Batting: LHB Jamie Spangenberg
|
0-0: Ball 1-0: Ball 2-0: Called Strike 2-1: Foul Ball, location: 2F 2-2: Foul Ball, location: 2F 2-2: SINGLE (Groundball, 4MD, EV 96.2 MPH) David Stayton to third Ryan Short to second
|
|
Batting: RHB Randy Grewe
|
0-0: Ball 1-0: Ground out 2-3 (Groundball, 13S, EV 61.9 MPH)
|
| Bottom of the 5th over - 1 run, 2 hits, 1 error, 3 left on base; Altoona 0 - Pensacola 3 |
| TOP OF THE 6TH |
|
Altoona Curve batting - Pitching for Pensacola Blue Wahoos : RHP Narciso Umbelino
|
|
Batting: RHB Hidesuke Yoshida
|
0-0: Swinging Strike 0-1: Swinging Strike 0-2: Ball 1-2: Ball 2-2: Foul Ball, location: 2F 2-2: Ball 3-2: Ground out 5-3 (Groundball, P, EV 82.5 MPH)
|
|
Batting: LHB Josh Aerni
|
0-0: Ball 1-0: Swinging Strike 1-1: SINGLE (Groundball, 4MD, EV 96.9 MPH)
|
|
Batting: RHB Brandon White
|
0-0: Ball 1-0: Foul Ball, location: 2F 1-1: Foul Ball, location: 2F 1-2: DOUBLE (Line Drive, 7LD, EV 100.0 MPH) Josh Aerni to third Runner from 3rd tries for Home, SAFE, no throw by LF
|
|
Batting: LHB Joe Wise
|
0-0: Ball 1-0: Fly out, F9 (Flyball, 89M, EV 85.0 MPH)
|
|
Batting: RHB Alex Arzate
|
0-0: Called Strike 0-1: Called Strike 0-2: Ground out 6-3 (Groundball, 56, EV 87.5 MPH)
|
| Top of the 6th over - 1 run, 2 hits, 0 errors, 1 left on base; Altoona 1 - Pensacola 3 |
| BOTTOM OF THE 6TH |
|
Pensacola Blue Wahoos batting - Pitching for Altoona Curve : LHP Alfredo Carranza
|
|
Batting: RHB Dinand Brouwer
|
0-0: Swinging Strike 0-1: Ground out 5-3 (Groundball, 56S, EV 64.4 MPH)
|
|
Batting: RHB Mark Williams
|
0-0: Hit by Pitch
|
|
Batting: RHB Bryan Wheeler
|
0-0: Ball 1-0: SINGLE (Groundball, 4MD, EV 95.0 MPH) Mark Williams to second Runner from 2nd tries for 3rd, SAFE, no throw by CF
|
|
Batting: RHB David Stayton
|
0-0: Ball 1-0: Reached on error, E6 (Groundball, 6, EV 80.0 MPH) Mark Williams scores Bryan Wheeler to second
|
|
Batting: RHB Ryan Short
|
0-0: Ball 1-0: Ball 2-0: Grounds into double play, 6-4-3 (Groundball, 6, EV 88.1 MPH)
|
| Bottom of the 6th over - 1 run, 1 hit, 1 error, 1 left on base; Altoona 1 - Pensacola 4 |
| TOP OF THE 7TH |
|
Altoona Curve batting - Pitching for Pensacola Blue Wahoos : RHP Narciso Umbelino
|
|
Batting: LHB Carlos Vega
|
0-0: Called Strike 0-1: Fly out, F8 (Flyball, 8RM, EV 90.0 MPH)
|
|
Batting: RHB Steve Terres
|
0-0: Ball 1-0: Ball 2-0: Ground out 1-3 (Groundball, 34S, EV 65.0 MPH)
|
|
Batting: LHB Mike Handrahan
|
0-0: Swinging Strike 0-1: Ball 1-1: Ball 2-1: Ball 3-1: Base on Balls
|
|
Pitching: LHP Suk-jin Sok
|
|
|
Batting: RHB Joe Young
|
0-0: Called Strike 0-1: Ball 1-1: DOUBLE (Groundball, 5L, EV 105.0 MPH) Mike Handrahan to third
|
|
Batting: RHB Hidesuke Yoshida
|
0-0: Reached on error, E5 (Groundball, 56, EV 80.0 MPH) Mike Handrahan scores Joe Young scores
|
|
Batting: LHB Josh Aerni
|
0-0: Ball 1-0: Ball 2-0: Foul Ball, location: 2F 2-1: Foul Ball, location: 2F 2-2: Ball 3-2: Foul Ball, location: 2F 3-2: Foul Ball, location: 2F 3-2: Base on Balls
|
|
Batting: RHB Brandon White
|
0-0: Ball 1-0: Ball 2-0: Called Strike 2-1: Foul Ball, location: 3F, Error on foul ball, E3 2-2: Ball 3-2: SINGLE (Line Drive, 9S, EV 111.2 MPH) Hidesuke Yoshida to third Josh Aerni to second Hidesuke Yoshida scores Josh Aerni to third
|
|
Pinch Hitting: RHB Chris McCoy
|
0-0: Called Strike 0-1: Fielders Choice at 2nd, 5-4 (Groundball, 56, EV 89.4 MPH)
|
| Top of the 7th over - 3 runs, 2 hits, 2 errors, 2 left on base; Altoona 4 - Pensacola 4 |
| BOTTOM OF THE 7TH |
|
Pensacola Blue Wahoos batting - Pitching for Altoona Curve : LHP Alfredo Carranza
|
|
Now in RF: Terrence Wilson
|
|
|
Batting: RHB Solange Le Coq
|
0-0: Ball 1-0: Ball 2-0: Fly out, F3 (Popup, 3F, EV 71.9 MPH)
|
|
Batting: RHB Jose Nunez
|
0-0: Foul Ball, location: 2F 0-1: Ball 1-1: Swinging Strike 1-2: Strikes out looking
|
|
Batting: LHB Jamie Spangenberg
|
0-0: Called Strike 0-1: Ground out 4-3 (Groundball, 4, EV 85.0 MPH)
|
| Bottom of the 7th over - 0 runs, 0 hits, 0 errors, 0 left on base; Altoona 4 - Pensacola 4 |
| TOP OF THE 8TH |
|
Altoona Curve batting - Pitching for Pensacola Blue Wahoos : LHP Suk-jin Sok
|
|
Batting: RHB Alex Arzate
|
0-0: Ball 1-0: Called Strike 1-1: Called Strike 1-2: Ground out 5-3 (Groundball, 15, EV 80.0 MPH)
|
|
Pinch Hitting: SHB Ronnie Brooks
|
0-0: Called Strike 0-1: Ball 1-1: Foul Ball, location: 2F 1-2: DOUBLE (Flyball, 8RXD, EV 95.6 MPH)
|
|
Batting: RHB Steve Terres
|
0-0: Intentional Walk
|
|
Batting: LHB Mike Handrahan
|
0-0: Grounds into double play, 3-6-3 (Groundball, 3, EV 84.4 MPH)
|
| Top of the 8th over - 0 runs, 1 hit, 0 errors, 1 left on base; Altoona 4 - Pensacola 4 |
| BOTTOM OF THE 8TH |
|
Pensacola Blue Wahoos batting - Pitching for Altoona Curve : LHP Alfredo Carranza
|
|
Now in LF: Terrence Wilson
|
|
|
Now in RF: Jeff Edwards
|
|
|
Batting: RHB Randy Grewe
|
0-0: Ball 1-0: Swinging Strike 1-1: Ball 2-1: Foul Ball, location: 2F 2-2: Ball 3-2: Foul Ball, location: 2F 3-2: Strikes out swinging
|
|
Batting: RHB Dinand Brouwer
|
0-0: Foul Ball, location: 2F 0-1: Ball 1-1: Swinging Strike 1-2: Ball 2-2: Ground out 6-3 (Groundball, 6D, EV 91.2 MPH)
|
|
Batting: RHB Mark Williams
|
0-0: Ball 1-0: Ball 2-0: Ground out 6-3 (Groundball, 6, EV 94.4 MPH)
|
| Bottom of the 8th over - 0 runs, 0 hits, 0 errors, 0 left on base; Altoona 4 - Pensacola 4 |
| TOP OF THE 9TH |
|
Altoona Curve batting - Pitching for Pensacola Blue Wahoos : LHP Suk-jin Sok
|
|
Batting: RHB Joe Young
|
0-0: Reached on error, E1 (Groundball, 15, EV 71.2 MPH)
|
|
Batting: RHB Hidesuke Yoshida
|
0-0: Intentional Walk
|
|
Batting: LHB Josh Aerni
|
0-0: Bunt missed! 0-1: Bunt missed! 0-2: Ball 1-2: Ball 2-2: Foul Ball, location: 2F 2-2: Strikes out swinging
|
|
Batting: RHB Brandon White
|
0-0: Ball Wild Pitch! Joe Young to third Hidesuke Yoshida to second 1-0: Intentional Walk
|
|
Batting: RHB Terrence Wilson
|
0-0: SINGLE (Groundball, 56D, EV 100.6 MPH) Joe Young scores Hidesuke Yoshida to third Brandon White to second
|
|
Pitching: RHP Damian Molina
|
|
|
Batting: RHB Alex Arzate
|
0-0: Ball 1-0: Ball 2-0: Called Strike 2-1: Swinging Strike 2-2: SINGLE (Groundball, 56D, EV 95.0 MPH) Hidesuke Yoshida scores Brandon White to third Terrence Wilson to second Runner from 3rd tries for Home, SAFE, throw by LF to home
|
|
Batting: RHB Jeff Edwards
|
0-0: Called Strike 0-1: Swinging Strike 0-2: Foul Ball, location: 2F 0-2: Fly out, F7 (Flyball, 7, EV 83.1 MPH)
|
|
Batting: RHB Steve Terres
|
0-0: Foul Ball, location: 2F 0-1: Ball 1-1: Ground out 4-3 (Groundball, 34, EV 85.0 MPH)
|
| Top of the 9th over - 3 runs, 2 hits, 1 error, 2 left on base; Altoona 7 - Pensacola 4 |
| BOTTOM OF THE 9TH |
|
Pensacola Blue Wahoos batting - Pitching for Altoona Curve : LHP Alfredo Carranza
|
|
Pitching: RHP Joe Simanton
|
|
|
Batting: RHB Bryan Wheeler
|
0-0: Fly out, F9 (Flyball, 89S, EV 78.1 MPH)
|
|
Pinch Hitting: LHB Matthew Berry
|
0-0: Fly out, F8 (Flyball, 8RM, EV 86.9 MPH)
|
|
Batting: RHB Ryan Short
|
0-0: Called Strike 0-1: Ball 1-1: Ground out 4-3 (Groundball, 34, EV 92.5 MPH)
|
| Bottom of the 9th over - 0 runs, 0 hits, 0 errors, 0 left on base; Altoona 7 - Pensacola 4 |
|